 Dungeon Crawl Stone Soup version 0.20.1-1-g8b1a95d (webtiles) character file.

3172 troglodite the Slasher (level 9, -16/72 HPs)
             Began as a Demonspawn Berserker on Dec 12, 2017.
             Was a High Priest of Trog.
             Killed from afar by a wizard (47 damage)
             ... with a crystal spear
             ... while paralysed
             ... on level 7 of the Dungeon.
             The game lasted 00:30:00 (7111 turns).

troglodite the Slasher (Demonspawn Berserker)       Turns: 7111, Time: 00:30:00

Health: -16/72     AC: 17    Str: 17    XL:     9   Next: 63%
Magic:  0/9        EV:  2    Int: 15    God:    Trog [*****.]
Gold:   377        SH:  0    Dex: 16    Spells: 8/8 levels left

rFire    . . .     SeeInvis .   a - +1 falchion
rCold    + . .     Gourm    .   (no shield)
rNeg     . . .     Faith    +   o - +1 plate armour
rPois    .         Spirit   +   (helmet restricted)
rElec    .         Reflect  .   B - +2 cloak
rCorr    .         Harm     .   (no gloves)
MR       .....                  (no boots)
Stlth    ..........             w - amulet of faith
Regen    0.3/turn               u - +6 ring of intelligence
MPRegen  0.2/turn               D - ring of protection from cold

@: paralysed, berserk cooldown, slowed
A: horns 2, magic shield, rot immunity, sturdy frame 1
a: Berserk, Trog's Hand, Brothers in Arms, Burn Spellbooks, Renounce Religion


You were on level 7 of the Dungeon.
You worshipped Trog.
Trog was extremely pleased with you.
You were near starving.

You visited 1 branch of the dungeon, and saw 7 of its levels.
You also visited: Ossuary.

You collected 377 gold pieces.

Inventory:

Hand Weapons
 a - a +1 falchion (weapon)
Armour
 o - a +1 plate armour (worn)
 B - a +2 cloak (worn)
Jewellery
 k - an uncursed ring of stealth
 q - an uncursed amulet of the gourmand
 u - a +6 ring of intelligence (left hand)
 w - an amulet of faith (around neck)
 D - a ring of protection from cold (right hand)
Wands
 m - a wand of lightning (15/15)
 s - a wand of confusion (31/48)
 C - a wand of confusion (7/48)
Scrolls
 d - 2 scrolls of remove curse
 h - a scroll of teleportation
 n - 2 scrolls of enchant weapon
 x - 2 scrolls of fog
 y - 2 scrolls of recharging
 E - a scroll of magic mapping
 F - a scroll of identify
Potions
 b - 2 potions of ambrosia
 e - 4 potions of lignification
 f - 2 potions of haste
 g - a potion of flight
 i - 4 potions of heal wounds
 p - a potion of brilliance
 r - 4 potions of curing
 t - a potion of mutation
 v - a potion of berserk rage {unknown}
 z - 2 potions of might
Comestibles
 c - 9 bread rations
 j - 5 meat rations
 l - 2 royal jellies
 A - 13 chunks of flesh


   Skills:
 * Level 7.0 Fighting
 + Level 7.5 Long Blades
 * Level 7.1 Armour
 * Level 5.1 Dodging
 + Level 1.1 Stealth


You had 8 spell levels left.
You didn't know any spells.

Dungeon Overview and Level Annotations

Branches:
Dungeon (7/15)
 Temple: D:4-7

Altars:
Cheibriados
Nemelex Xobeh
Vehumet

Shops:
D:6 }   D:7 ?!


Innate Abilities, Weirdness & Mutations

You have a pair of horns on your head.
When hurt, damage is shared between your health and your magic reserves.
You are immune to rotting.
Your movements are slightly less encumbered by armour. (ER -2)


Message History

The wizard is heavily wounded.
The orc sorcerer hits you but does no damage.
Something hits you but does no damage. The wizard casts a spell at you.
The bolt of cold hits you! You resist.
Unknown command.
You slash the wizard!
The wizard is severely wounded.
The orc sorcerer hits you but does no damage.
Something hits you but does no damage.
Unknown command.
You slash the wizard!
The wizard is almost dead.
You are no longer berserk.
You pass out from exhaustion.
You feel as though you will be slow longer.
The wizard gestures at you while chanting.
Helpless, you fail to dodge the crystal spear.
Ouch! That really hurt!
You die...

..........#...# ....
..........#...# ....
..........#...# .....
......#.#÷#...# .....
.......∩......# .....#
#####.#.#....###......
#........#.........
#.....)o...........
#.....@p...........
#....8.{∩..8.......
#..........###.....
#####..................
#......................
#......................
#....######............
#.... #....##....##+##
#.... #....##....#


You could see a wizard and an orc sorcerer.

Vanquished Creatures
  An orc sorcerer (D:7)
  The ghost of Ymberto the Magician, a novice DEFE (D:5)
  The ghost of Statics the Insei, an amateur OpFi (D:4)
  Sigmund (D:5)
  Menkaure (D:6)
  An orc warrior (D:6)
  A sky beast (D:5)
  2 phantoms
  An ice beast (D:7)
  2 ogres (D:7)
  A centaur (D:5)
  Blork the orc (D:6)
  A bullfrog (D:6)
  4 killer bees (D:7)
  4 wights (D:6)
  2 crimson imps
  A bullfrog zombie (D:6)
  A centaur zombie (Ossuary)
  A centaur skeleton (D:5)
  2 orc wizards
  3 orc priests
  A hound (D:7)
  A jelly (D:7)
  A gnoll shaman (D:5)
  Natasha (twice) (D:3)
  7 worker ants
  A big kobold zombie (Ossuary)
  2 hound zombies
  5 mummies (Ossuary)
  A worker ant zombie (D:6)
  9 adders
  3 gnolls (D:5)
  2 oozes
  An adder zombie (D:5)
  5 worms
  2 dart slugs
  5 leopard geckos
  12 orcs
  6 bats
  5 giant cockroaches
  8 goblins
  9 hobgoblins
  2 jackals (D:6)
  3 ball pythons
  9 frilled lizards
  2 hobgoblin zombies (Ossuary)
  10 kobolds
  A leopard gecko skeleton (D:6)
  A quokka skeleton (D:5)
  10 rats
159 creatures vanquished.

Notes
Turn   | Place    | Note
-------+----------+-------------------------------------------
     0 | D:1      | troglodite the Demonspawn Berserker began the quest for the Orb.
     0 | D:1      | Reached XP level 1. HP: 18/18 MP: 1/1
   408 | D:1      | Gained mutation: You have a pair of small horns on your head. [demonic ancestry]
   408 | D:1      | Reached XP level 2. HP: 20/24 MP: 2/2
   917 | D:1      | Found a sparkling altar of Nemelex Xobeh.
  1215 | D:2      | Gained mutation: You have a pair of horns on your head. [demonic ancestry]
  1215 | D:2      | Reached XP level 3. HP: 20/29 MP: 3/3
  1529 | D:2      | Reached ** piety under Trog
  1748 | D:2      | Gained mutation: Your movements are slightly less encumbered by armour. (ER -2) [demonic ancestry]
  1748 | D:2      | Reached XP level 4. HP: 37/37 MP: 4/4
  2163 | D:3      | Noticed Natasha
  2183 | D:3      | Killed Natasha
  2472 | D:3      | Reached XP level 5. HP: 40/42 MP: 5/5
  2641 | D:3      | Noticed Natasha
  2650 | D:3      | Killed Natasha
  2655 | D:3      | Reached *** piety under Trog
  2728 | D:4      | Noticed Statics's ghost (amateur OpFi)
  2740 | D:4      | Killed Statics's ghost
  2740 | D:4      | Gained mutation: When hurt, damage is shared between your health and your magic reserves. [demonic ancestry]
  2740 | D:4      | Reached XP level 6. HP: 49/49 MP: 4/6
  2794 | D:4      | Found a sand-covered staircase.
  2857 | Ossuary  | Entered an ossuary
  2971 | Ossuary  | Reached XP level 7. HP: 44/55 MP: 7/7
  4377 | D:4      | Found a radiant altar of Vehumet.
  4528 | D:5      | Entered Level 5 of the Dungeon
  4566 | D:5      | Reached skill level 5 in Long Blades
  4578 | D:5      | Reached **** piety under Trog
  4598 | D:5      | Noticed Ymberto's ghost (novice DEFE)
  4608 | D:5      | Killed Ymberto's ghost
  4665 | D:5      | Reached skill level 5 in Fighting
  4672 | D:5      | Reached skill level 5 in Armour
  4973 | D:5      | Gained mutation: You are immune to rotting. [demonic ancestry]
  4973 | D:5      | Reached XP level 8. HP: 47/62 MP: 3/8
  5281 | D:5      | Noticed Sigmund
  5285 | D:5      | Killed Sigmund
  5654 | D:6      | Found a sparkling altar of Nemelex Xobeh.
  6138 | D:6      | Noticed Menkaure
  6145 | D:6      | Killed Menkaure
  6145 | D:6      | Reached XP level 9. HP: 69/69 MP: 9/9
  6175 | D:6      | Noticed Blork the orc
  6196 | D:6      | Killed Blork the orc
  6259 | D:6      | Found a snail-covered altar of Cheibriados.
  6322 | D:6      | Found Zikucsig's Gadget Shop.
  6359 | D:6      | Reached ***** piety under Trog
  6787 | D:7      | Reached skill level 1 in Stealth
  7022 | D:7      | Found Nuheuwudu's Distillery.
  7027 | D:7      | Found Xaall's Magic Scroll Boutique.
  7095 | D:7      | Noticed a wizard
  7099 | D:7      | Noticed an orc sorcerer
  7100 | D:7      | Noticed a wizard
  7102 | D:7      | Noticed an orc sorcerer
  7105 | D:7      | Noticed an ice devil
  7108 | D:7      | Killed an orc sorcerer
  7108 | D:7      | Reached skill level 5 in Dodging
  7111 | D:7      | Killed from afar by a wizard

Skill      XL: |  1  2  3  4  5  6  7  8  9 |
---------------+----------------------------+-----
Long Blades    | 3 4 5 6 7 |  7.5
Armour         | 2 3 4 5 6 7 |  7.1
Dodging        | 2 3 4 5 |  5.1
Fighting       | 4 5 6 7 |  7.0
Stealth        | 1 |  1.1

Action                   |  1- 3 |  4- 6 |  7- 9 || total
-------------------------+-------+-------+-------++-------
Melee: Falchion          |   106 |   145 |   318 ||   569
       Headbutt          |    14 |    29 |    76 ||   119
Invok: Berserk           |       |     2 |     9 ||    11
       Burn Spellbooks   |       |       |     2 ||     2
  Use: Scroll            |       |     7 |    15 ||    22
 Stab: Sleeping          |     1 |       |       ||     1
  Eat: Chunk             |     3 |     8 |    17 ||    28
       Royal jelly       |       |       |     1 ||     1
Armor: Animal skin       |    16 |       |       ||    16
       Plate armour      |    17 |   100 |   184 ||   301
Dodge: Dodged            |    84 |    52 |   112 ||   248
       Rpst.: Falchion   |    25 |    20 |    32 ||    77
